 Dungeon Crawl Stone Soup version 0.30.0-16-gbe6223bb7e (webtiles) character file.

Game seed: 496862594987226307

8567 Kenran the Carver (level 11, -2/108 HPs)
             Began as a Gargoyle Berserker on May 20, 2023.
             Was an Elder of Trog.
             Slain by a troll (8 damage)
             ... on level 10 of the Dungeon.
             The game lasted 00:15:27 (9137 turns).

Kenran the Carver (Gargoyle Berserker)              Turns: 9137, Time: 00:15:28

Health: -2/108     AC: 20    Str: 28    XL:     11   Next: 32%
Magic:  11/11      EV: 12    Int:  7    God:    Trog [****..]
Gold:   564        SH:  0    Dex: 13    Spells: 10/10 levels left

rFire   . . .        a - +8 long sword "Jellybane" {heavy, rCorr Str+3}
rCold   . . .        (no shield)
rNeg    + . .        m - +5 leather armour of Hide-and-Seek {Str+3}
rPois   ∞            (no helmet)
rElec   +            c - +2 cloak {Stlth+}
rCorr   +            (no gloves)
SInv    .            (no boots)
Will    ++...        (no amulet) Stlth
                     (no ring)
HPRegen 1.38/turn    (no ring)
MPRegen 0.12/turn

%: no passive effects
@: berserking, strong-willed, regenerating, very quick
A: sickness immunity, AC +8, negative energy resistance 1, electricity
resistance, torment resistance 1, petrification resistance
a: Renounce Religion, Berserk, Trog's Hand, Brothers in Arms


You were on level 10 of the Dungeon.
You worshipped Trog.
Trog was greatly pleased with you.
You visited 1 branch of the dungeon, and saw 10 of its levels.

You collected 650 gold pieces.
You spent 86 gold pieces at shops.

Inventory:

Hand Weapons
 a - the +8 long sword "Jellybane" (weapon) {heavy, rCorr Str+3}
   (You found it on level 5 of the Dungeon)

   Str:       It affects your strength (+3).
   rCorr:     It protects you from acid and corrosion.
 b - a +4 short sword of freezing
Armour
 c - a +2 cloak of stealth (worn)
 m - the +5 leather armour of Hide-and-Seek (worn) {Str+3}
   (You found it on level 2 of the Dungeon)

   Str:       It affects your strength (+3).
Jewellery
 p - a ring of ice
Wands
 e - a wand of roots (1)
 k - a wand of polymorph (6)
 q - a wand of mindburst (9)
 t - a wand of digging (5)
 u - a wand of paralysis (6)
Scrolls
 d - 3 scrolls of teleportation
 f - a scroll of fear
 l - 3 scrolls of poison
 n - 2 scrolls of enchant armour {unknown}
 r - 2 scrolls of brand weapon
 s - a scroll of magic mapping {unknown}
 w - 3 scrolls of immolation {unknown}
 x - a scroll of vulnerability {unknown}
 y - 2 scrolls of blinking {unknown}
 B - 2 scrolls of fog {unknown}
Potions
 g - 5 potions of flight {unknown}
 h - 4 potions of resistance {unknown}
 i - 2 potions of heal wounds {unknown}
 j - 4 potions of attraction {unknown}
 o - 3 potions of curing {unknown}
 v - a potion of lignification {unknown}
 z - 2 potions of berserk rage {unknown}
 C - a potion of might {unknown}
 D - a potion of magic {unknown}
 E - a potion of haste {unknown}


   Skills:
 + Level 9.9 Fighting
 + Level 12.8 Long Blades
 - Level 6.0 Armour
 - Level 2.0 Dodging
 - Level 3.0 Evocations


You had 10 spell levels left.
You didn't know any spells.
Your spell library was empty.

Dungeon Overview and Level Annotations

Branches:
Dungeon (10/15)            Temple (0/1) D:7            Lair (0/5) D:8
    Orc: D:9-12

Altars:
Qazlal

Shops:
D:3 [   D:6 *

Annotations:
D:5 4 runed translucent doors


Innate Abilities, Weirdness & Mutations

You are immune to sickness and miasma.
Your stone body is resilient. (AC +8)
You are immune to poison.
You resist negative energy. (rN+)
You are resistant to electric shocks. (rElec)
You are resistant to unholy torment.
You are immune to petrification.


Message History

The kobold demonologist is severely wounded.
The kobold demonologist hits you with the +4 broad axe of Abikong {freeze, *Slow Will+ rCorr Dex+4}!
The kobold demonologist freezes you.
You closely miss the kobold demonologist.
The kobold demonologist is severely wounded.
The kobold demonologist barely misses you.
You slash the kobold demonologist!
You kill the kobold demonologist!
Trog accepts your kill.
Trog appreciates your killing of a magic user.
The smoke demon disappears in a puff of smoke!
A troll comes into view.
The troll shouts!
The orc shouts!
You hear a shout!
There is an open door, spattered with blood here.
Things that are here:
the +4 broad axe of Abikong {freeze, *Slow Will+ rCorr Dex+4}; a +0 robe; 35 gold pieces A centaur warrior comes into view. 2 yaks come into view.
A yak comes into view.
A manticore comes into view.
Your skin crawls.
You feel strong-willed. Trog will no longer gift you weapons.
The manticore bites you!
* * * LOW HITPOINT WARNING * * *
The manticore claws you.
* * * LOW HITPOINT WARNING * * *
The manticore claws you but does no damage.
A red film seems to cover your vision as you go berserk!
You feel yourself moving faster!
You feel mighty! The manticore barely misses you.
The manticore claws you but does no damage. x2
You slash the manticore!
The manticore is lightly wounded.
The troll bites you!
* * * LOW HITPOINT WARNING * * *
The troll claws you.
* * * LOW HITPOINT WARNING * * *
The troll claws you!
You die...

≣...≣≣.###.######
≣≣..
≣...≣...........
.'..≣
≣..).####.#####
≣...≣ ≣...≣.# .#
≣...≣...≣≣.# .#
≣.....≣ ≣T# .#
≣...≣ ≣.# .#
≣≣≣≣≣≣≣H≣≣≣≣≣.#
.#
.......@Tc.Yo.#
.#..#######.###
#.# ... ...Y.
#...... #.......
#..Y....#


You could see a centaur warrior, a manticore, a yak, a troll and an orc.

Vanquished Creatures
  A boulder beetle (D:10)
  A two-headed ogre (D:8)
  A kobold demonologist (D:10)
  4 unseen horror zombies (D:9)
  Grinder (D:4)
  Sigmund (D:4)
  6 yaks
  Edmund (D:4)
  2 water moccasins (D:6)
  4 orc warriors
  4 sky beasts
  2 ice beasts
  3 black bears (D:6)
  2 ogres
  2 centaurs
  A kobold brigand (D:8)
  A bullfrog (D:8)
  A gnoll sergeant (D:5)
  7 scorpions
  15 wights
  5 howler monkeys
  7 crimson imps (D:7)
  A centaur zombie (D:9)
  11 hounds
  3 jellies
  4 orc priests
  A sleepcap (D:5)
  2 gnoll boudas
  2 iguanas (D:5)
  Crazy Yiuf (D:2)
  4 orc wizards
  3 howler monkey zombies (D:9)
  14 adders
  6 gnolls
  6 white imps
  2 worms
  3 dart slugs (D:1)
  22 orcs
  11 ball pythons
  4 endoplasms
  8 giant cockroaches
  6 goblins
  6 hobgoblins
  2 jackals (D:2)
  9 kobolds
  6 quokkas
  7 bats
  3 frilled lizards (D:1)
  8 rats
227 creatures vanquished.

Vanquished Creatures (others)
  An orc wizard (D:4)
1 creature vanquished.

Grand Total: 228 creatures vanquished

Notes
Turn   | Place    | Note
-------+----------+-------------------------------------------
     0 | D:1      | Kenran the Gargoyle Berserker began the quest for the Orb.
     0 | D:1      | Reached XP level 1. HP: 14/14 MP: 1/1
    74 | D:1      | Reached skill level 3 in Long Blades
    96 | D:1      | Reached XP level 2. HP: 14/19 MP: 2/2
   245 | D:1      | Reached XP level 3. HP: 23/23 MP: 3/3
   582 | D:1      | Reached ** piety under Trog
   583 | D:1      | Reached skill level 4 in Long Blades
   880 | D:2      | Found a runed translucent door.
   881 | D:2      | Noticed Crazy Yiuf
  1237 | D:2      | Reached XP level 4. HP: 28/28 MP: 4/4
  1621 | D:2      | Identified the +5 leather armour of Hide-and-Seek {Str+3}
  1759 | D:2      | Killed Crazy Yiuf
  1851 | D:3      | Reached skill level 5 in Long Blades
  1851 | D:3      | Reached XP level 5. HP: 32/32 MP: 5/5
  1886 | D:3      | Found a faded altar of an unknown god.
  1981 | D:3      | Found Viol Weyt's Antique Armour Shop.
  2760 | D:3      | Reached skill level 6 in Long Blades
  2760 | D:3      | Reached XP level 6. HP: 15/37 MP: 6/6
  2865 | D:4      | Noticed Sigmund
  2974 | D:4      | Killed Sigmund
  2975 | D:4      | Reached skill level 7 in Long Blades
  2975 | D:4      | Reached XP level 7. HP: 41/41 MP: 7/7
  2999 | D:4      | Reached *** piety under Trog
  3328 | D:4      | Noticed Edmund
  3343 | D:4      | Killed Edmund
  3344 | D:4      | Reached skill level 8 in Long Blades
  3487 | D:4      | Reached XP level 8. HP: 46/46 MP: 8/8
  3882 | D:4      | Noticed Grinder
  3902 | D:4      | Paralysed by Grinder for 5 turns
  3908 | D:4      | Killed Grinder
  3909 | D:4      | Reached skill level 9 in Long Blades
  4053 | D:5      | Entered Level 5 of the Dungeon
  4375 | D:5      | Reached skill level 1 in Evocations
  4504 | D:5      | Found a large runed translucent door.
  4504 | D:5      | Found a large runed translucent door.
  4508 | D:5      | Noticed a shadow
  4512 | D:5      | Noticed a hornet
  4520 | D:5      | Found a large runed translucent door.
  4520 | D:5      | Found a large runed translucent door.
  5160 | D:5      | Reached skill level 5 in Fighting
  5202 | D:5      | Reached XP level 9. HP: 37/54 MP: 9/9
  5533 | D:5      | Identified the +8 long sword "Jellybane" {heavy, rCorr
                  | Str+3}
  5898 | D:6      | Reached skill level 10 in Long Blades
  5906 | D:6      | Found Jiunokk's Gadget Gallery.
  5909 | D:6      | Found a stormy altar of Qazlal.
  5919 | D:6      | Bought a wand of paralysis (3) for 86 gold pieces
  6301 | D:6      | Reached skill level 11 in Long Blades
  6720 | D:7      | Reached **** piety under Trog
  6800 | D:7      | Found a staircase to the Ecumenical Temple.
  6956 | D:7      | Reached XP level 10. HP: 61/61 MP: 10/10
  7349 | D:8      | Reached skill level 5 in Armour
  7435 | D:8      | Identified the +0 ring mail "Weempowu" {Stlth+}
  7726 | D:8      | Found a staircase to the Lair.
  8219 | D:9      | Noticed a two-headed ogre
  8230 | D:8      | Killed a two-headed ogre
  8231 | D:8      | Reached skill level 12 in Long Blades
  8491 | D:9      | Reached XP level 11. HP: 67/69 MP: 11/11
  8871 | D:10     | Entered Level 10 of the Dungeon
  8886 | D:10     | Noticed a boulder beetle
  8919 | D:10     | Killed a boulder beetle
  9050 | D:10     | Noticed an orc sorcerer
  9077 | D:10     | Reached ***** piety under Trog
  9109 | D:10     | Identified the +4 broad axe of Abikong {freeze, *Slow Will+
                  | rCorr Dex+4}
  9127 | D:10     | Noticed a centaur warrior
  9133 | D:10     | Noticed a manticore
  9137 | D:10     | Slain by a troll

Illustrated notes

Levels and vault maps discovered:
D:1:      scummos_arrival_gate, layout_loops_ring, minmay_vboxes
D:2:      minmay_chambers_of_ones, layout_basic, ebering_dispersal_statue_hall,
          uniq_crazy_yiuf_cottage
D:3:      layout_rooms, shapermc_ecumenical_altar_ellora, serial_shops,
          nicolae_shop_statue_plus
D:4:      layout_basic, uniq_sigmund, uniq_grinder, uniq_edmund
D:5:      layout_gridville, grunt_decor_fettered, minmay_hollow_rounded_squares
D:6:      layout_loops_ring, mainiacjoe_overflow_chevrons, nicolae_shop_gadgets
D:7:      layout_basic, minmay_temple_entry_gardened_gates, serial_corexii_hall,
          corexii_hall_statues_l, corexii_hall_statues_t, minmay_nine_imps
D:8:      minmay_inner_zag, layout_basic, lair_entry_dummy
D:9:      layout_rooms, serial_undead, serial_undead_f, serial_undead_d,
          serial_undead_c, serial_undead_c, hangedman_abyss_or_decor_clamps
D:10:     minmay_the_grid_net [minmay_the_grid_tri_star, minmay_the_grid_mess,
          minmay_the_grid_large_cup, minmay_the_grid_outer_diamond,
          minmay_the_grid_minigrid_medium, minmay_the_grid_prize_four_corners],
          layout_small_grid, amcnicky_altar_gilded, david_orc_4, enter_bailey_5,
          uniq_lodul

Skill      XL: |  1  2  3  4  5  6  7  8  9 10 11 |
---------------+----------------------------------+-----
Long Blades    | 3 4 5 6 7 8 9 11 12 | 12.8
Evocations     | 3 |  3.0
Dodging        | 2 |  2.0
Fighting       | 5 6 8 9 |  9.9
Armour         | 4 6 |  6.0

Action                     |  1- 3 |  4- 6 |  7- 9 | 10-12 || total
---------------------------+-------+-------+-------+-------++-------
  Melee: Falchion          |   150 |   164 |   409 |       ||   723
         Punch             |       |     2 |     9 |     2 ||    13
         Unarmed           |       |       |     6 |       ||     6
         Long sword        |       |       |    79 |   190 ||   269
 Invoke: Berserk           |       |     5 |     4 |     3 ||    12
         Trog's Hand       |       |       |       |     2 ||     2
  Evoke: Wand              |       |       |       |     2 ||     2
    Use: Scroll            |     3 |     2 |     1 |     1 ||     7
   Stab: Sleeping          |       |     1 |     7 |     2 ||    10
 Armour: Ring mail         |    59 |    14 |       |       ||    73
         Leather armour    |       |    89 |   246 |   139 ||   474
  Dodge: Dodged            |    83 |    97 |   271 |   140 ||   591
